AoeStats
← Gaa

Hideout

520363345Analyzed
1v1 RM · 5d ago on Nov 11, 2026· 32m 31s· 2 players
Game mode
Random Map
Map size
Tiny (2 player)
Population
200
Speed
Normal
Resources
Standard
Victory
Conquest
Starting age
Dark Age
Ending age
Imperial Age
RankedLock teamsTeams togetherTeam positionsShared explorationLock speedFull tech treeHidden civsTurbo modeCheats
Victory
Defeat
🇩🇪 Saxons · Germany
1536
+17
vs
🇺🇾 Bengalis · Uruguay
1564
-17
mrweissbrot
9:47 Feudal Age
10:07 Man-at-Arms
10:35 Double-Bit Axe
12:28 Arson
13:43 Scale Mail Armor
16:40 Loom
16:50 Horse Collar
19:34 Castle Age
20:15 Scale Mail Armor
20:57 Bow Saw
20:45 Gold Mining
22:16 Chain Mail Armor
22:37 Forging
22:19 Fletching
24:14 Wheelbarrow
24:13 Squires
25:09 Bodkin Arrow
26:25 Gold Shaft Mining
27:47 Hand Cart
32:57 Imperial Age
32:22 Iron Casting
Gaa
3:14 Loom
10:47 Feudal Age
14:46 Castle Age
14:17 Double-Bit Axe
14:42 Horse Collar
16:52 Loom
21:13 Fletching
23:38 Heavy Plow
26:21 Bodkin Arrow
26:05 Elite Skirmisher
26:58 Padded Archer Armor
31:44 Wheelbarrow
30:56 Town Watch
32:38 Leather Archer Armor
Connection lost

Rejoining the realm…

Still unreachable

The connection could not be restored.

Session expired

The server has moved on; the page needs a fresh start.